 Dungeon Sprint DCSS version 0.26-a0-1033-gd598b01645 (webtiles) character file.

Game seed: 16975818876806704950

1103 mhtbhm the Grappler (level 8, -7/84 HPs)
             Began as a Troll Wanderer on Dec 10, 2020.
             Was an Initiate of Gozag.
             Mangled by a troll (13 damage)
             ... in the Dungeon (Sprint IX: "|||||||||||||||||||||||||||||").
             The game lasted 00:01:22 (238 turns).

mhtbhm the Grappler (Troll Wanderer)                 Turns: 238, Time: 00:01:23

Health: -7/84      AC: 10    Str: 24    XL:     8   Next: 11%
Magic:  7/7        EV: 11    Int:  8    God:    Gozag
Gold:   441        SH:  0    Dex:  8    Spells: 7/7 levels left

rFire    . . .     SeeInvis .   o - +2 morningstar (venom)
rCold    . . .     Faith    .   (no shield)
rNeg     . . .     Spirit   .   c - +0 robe
rPois    .         Reflect  .   (helmet restricted)
rElec    .         Harm     .   (no cloak)
rCorr    .         Rampage  .   (gloves unavailable)
Will     .....     NoTele   +   (boots unavailable)
Stlth    ++........             (no amulet)
HPRegen  0.64/turn              p - +2 ring of protection
MPRegen  0.10/turn              q - +2 ring of protection

@: lethally poisoned (-7 -> -8)
A: large, unfitting armour, claws 3, regeneration 1, shaggy fur 1, tough skin 3
a: Potion Petition, Call Merchant, Bribe Branch, Renounce Religion


You were in the Dungeon.
You worshipped Gozag.
Gozag was aware of your devotion.
You visited 1 branch You collected 441 gold pieces.

Inventory:

Hand Weapons
 d - a +0 shortbow
 o - a +2 morningstar of venom (weapon)
Missiles
 b - 4 curare-tipped darts (quivered)
 e - 27 arrows
Armour
 c - a +0 robe (worn)
Jewellery
 p - a +2 ring of protection (left claw)
 q - a +2 ring of protection (right claw)
Wands
 n - a wand of iceblast (10)
Scrolls
 k - 2 scrolls of blinking
 l - 3 scrolls of remove curse
 m - 2 scrolls of amnesia
Potions
 a - a potion of invisibility
 f - 4 potions of curing
 g - 2 potions of heal wounds
 h - a potion of haste
 i - 4 potions of magic
 j - a potion of berserk rage


   Skills:
 + Level 6.3 Fighting
 + Level 3.9 Maces & Flails
 + Level 7.7 Bows
 + Level 3.5 Throwing
 + Level 4.5 Dodging
 + Level 2.6 Stealth
 + Level 9.2 Unarmed Combat


You had 7 spell levels left.
You didn't know any spells.
Your spell library was empty.

Dungeon Overview and Level Annotations

Branches:
Dungeon (1/1)

Altars:
Cheibriados
Dithmenos
Elyvilon
Fedhas
Gozag
Hepliaklqana
Kikubaaqudgha
Makhleb
Nemelex Xobeh
Okawaru
Qazlal
Ru
Sif Muna
Trog
Uskayaw
Vehumet
Wu Jian
Xom
Yredelemnul
Zin
The Shining One
Beogh
Jiyva
Lugonu


Innate Abilities, Weirdness & Mutations

You are too large for most types of armour.
You have claws for hands.
Your natural rate of healing is unusually fast.
You are covered in fur. (AC +1)
You have extremely tough skin. (AC +3)


Message History

The orc warrior barely misses you.
You closely miss the orc warrior.
The orc warrior is almost dead.
You feel sick.
The troll is no longer distracted by gold.
You kill the orc warrior!
You puncture the troll!
The troll looks as sick as possible!
The troll is moderately wounded.
The troll bites you! The troll barely misses you. The troll claws you.
Unknown command.
You hit the troll.
The troll is heavily wounded.
The troll barely misses you. The troll claws you but does no damage.
The troll barely misses you. The troll bites you!
* * * LOW HITPOINT WARNING * * *
The troll claws you!
* * * LOW HITPOINT WARNING * * *
The troll claws you!
You die...
Your body crumbles into a pile of gold. $$$$$

$ $ $ $$$ $
▓▓▓▓▓▓▓▓▓▓▓▓▓▓▓▓▓▓▓▓▓▓▓
+....T@'......)..[[[.).
▓▓▓▓▓▓▓▓▓▓▓▓▓▓▓▓▓▓▓▓▓▓▓


You could see a troll (extremely poisoned).

Vanquished Creatures
  A centaur warrior (D)
  An orc warrior (D)
  An ice beast (D)
  A big kobold (D)
  A wight (D)
  2 hounds (D)
  An iguana (D)
  3 worker ants (D)
  An adder (D)
  An adder skeleton (D)
  An adder zombie (D)
  A bat (D)
  A goblin (D)
  A jackal (D)
  A kobold (D)
  A frilled lizard (D)
  2 rats (D)
21 creatures vanquished.

Notes
Turn   | Place    | Note
-------+----------+-------------------------------------------
     0 | D        | mhtbhm the Troll Wanderer began the quest for the Orb.
     0 | D        | mhtbhm set off with the following items: a +2 dagger, 4
                  | curare-tipped darts, a +0 robe, a +0 shortbow, 27 arrows, a
                  | potion of curing, a potion of heal wounds, a potion of
                  | haste, 2 potions of magic, a potion of berserk rage, a
                  | scroll of blinking
     0 | D        | Reached XP level 1. HP: 22/22 MP: 0/0
    20 | D        | Noticed a hound
    20 | D        | Noticed a worker ant
    27 | D        | Reached XP level 2. HP: 22/29 MP: 1/1
    40 | D        | Reached skill level 1 in Unarmed Combat
    40 | D        | Reached XP level 3. HP: 23/37 MP: 2/2
    46 | D        | Reached skill level 2 in Unarmed Combat
    46 | D        | Reached XP level 4. HP: 27/48 MP: 3/3
    56 | D        | Found a roughly hewn altar of Beogh.
    56 | D        | Found a snail-covered altar of Cheibriados.
    56 | D        | Found a shadowy altar of Dithmenos.
    56 | D        | Found a white marble altar of Elyvilon.
    56 | D        | Found a blossoming altar of Fedhas.
    56 | D        | Found an opulent altar of Gozag.
    57 | D        | Found a hazy altar of Hepliaklqana.
    58 | D        | Found a viscous altar of Jiyva.
    59 | D        | Found an ancient bone altar of Kikubaaqudgha.
    60 | D        | Found a corrupted altar of Lugonu.
    61 | D        | Found a burning altar of Makhleb.
    64 | D        | Found a sparkling altar of Nemelex Xobeh.
    65 | D        | Found an iron altar of Okawaru.
    66 | D        | Became a worshipper of Gozag Ym Sagoz the Greedy
    67 | D        | Found a stormy altar of Qazlal.
    68 | D        | Found a sacrificial altar of Ru.
    69 | D        | Found a shimmering blue altar of Sif Muna.
    70 | D        | Found a bloodstained altar of Trog.
    71 | D        | Found a hide-covered altar of Uskayaw.
    72 | D        | Found a radiant altar of Vehumet.
    73 | D        | Found an ornate altar of the Wu Jian Council.
    74 | D        | Found a shimmering altar of Xom.
    75 | D        | Found a basalt altar of Yredelemnul.
    76 | D        | Found a glowing silver altar of Zin.
    77 | D        | Found a glowing golden altar of the Shining One.
   119 | D        | Noticed an ice beast
   119 | D        | Noticed a big kobold
   124 | D        | Reached skill level 5 in Bows
   124 | D        | Reached skill level 3 in Unarmed Combat
   133 | D        | Killed a big kobold
   134 | D        | Reached skill level 1 in Stealth
   134 | D        | Reached skill level 4 in Unarmed Combat
   134 | D        | Reached XP level 5. HP: 42/55 MP: 4/4
   146 | D        | Killed an ice beast
   147 | D        | Reached skill level 5 in Fighting
   147 | D        | Reached skill level 5 in Unarmed Combat
   147 | D        | Reached XP level 6. HP: 37/66 MP: 5/5
   204 | D        | Noticed a troll
   204 | D        | Noticed a centaur warrior
   204 | D        | Noticed an orc warrior
   213 | D        | Killed a centaur warrior
   214 | D        | Reached skill level 8 in Unarmed Combat
   214 | D        | Reached XP level 7. HP: 21/75 MP: 6/6
   233 | D        | Reached skill level 9 in Unarmed Combat
   233 | D        | Reached XP level 8. HP: 47/83 MP: 7/7
   238 | D        | Mangled by a troll

Illustrated notes

Levels and vault maps discovered:
D:        linesprint [early_d, line_temple, items_1, d_10, items_2, lair_1,
          lair_end, items_3, orc_1, orc_end, items_4, d_15, swamp_1, shoals_1,
          snake_1, spider_1, d_20, vaults_1, items_5, swamp_end, shoals_end,
          snake_end, spider_end, vaults_end, d_27, items_6, zot_1, zot_end,
          crypt_end, forest_end, elf_end, slime_end, tomb_end, abyss_end,
          pan_hell_end]

Skill      XL: |  1  2  3  4  5  6  7 |
---------------+----------------------+-----
Bows           | 3 4 6 7 |  7.7
Throwing       | 2 3 |  3.5
Fighting       | 3 4 5 6 |  6.3
Unarmed Combat | 1 2 4 5 8 9 |  9.2
Stealth        | 1 2 |  2.6
Dodging        | 2 4 |  4.5
Maces & Flails | 3 |  3.9

Action                   |  1- 3 |  4- 6 |  7- 9 || total
-------------------------+-------+-------+-------++-------
Melee: Unarmed           |    32 |    37 |       ||    69
       Punch             |       |     1 |     1 ||     2
       Morningstar       |       |     8 |    23 ||    31
  Use: Potion            |     1 |       |     1 ||     2
 Stab: Distracted        |       |     1 |       ||     1
Armor: Robe              |    11 |    15 |     9 ||    35
Dodge: Dodged            |    10 |    14 |    15 ||    39

Table legend: (Time is in decaauts)
 A = Elapsed time spent in this place.
 B = Non-inter-level travel time spent in this place.
 C = Inter-level travel time spent in this place.
 D = Time resting spent in this place.
 E = Time spent auto-exploring this place.
 F = Levels seen in this place.
 G = Mean time per level.
                   A        B        C        D        E       F      G
               +--------+--------+--------+--------+--------+-----+--------+
         Total |    244 |    244 |      0 |     54 |      0 |   1 |  244.0 |
       Dungeon |    244 |    244 |      0 |     54 |      0 |   1 |  244.0 |
               +--------+--------+--------+--------+--------+-----+--------+

Top non-repeatable levels by time:
       D: 244 daAuts
